 Dungeon Sprint DCSS version 0.31-a0-854-g362426d53f (webtiles) character file.

Game seed: 16933667539002132448

156 rocky1 the Black Belt (level 10, -17/73 HPs)
             Began as a Djinni Shapeshifter on Oct 9, 2023.
             Was an Initiate of Gozag.
             Demolished by a goliath frog (24 damage)
             ... in the Dungeon (Sprint VI: "Thunderdome").
             The game lasted 00:06:29 (634 turns).

rocky1 the Black Belt (Djinni Shapeshifter)          Turns: 634, Time: 00:06:29

Health: -17/73     AC: -5    Str: 13    XL:     10   Next: 12%
Gold:   700        EV: 17    Int: 16    God:    Gozag SH:  0 Dex: 17

rFire   + .          .
                       - Unarmed
rCold   . . .        (no shield)
rNeg    . . .        h - +0 leather armour
rPois   ∞            (helmet currently unavailable)
rElec   .            (cloak currently unavailable)
rCorr   .            (gloves currently unavailable)
SInv    .            (boots unavailable)
Will    +....        (no amulet)
Stlth   +            n - ring "Utiymaso" {Wiz Dex+4}
HPRegen 0.32/turn    p - ring "Borrost" {Ice rPois Int+3 Dex-3}
MPRegen 0.00/turn

%: no teleportation, wizardry (x1), infuse magic (-18 HP)
@: beast-form, corroded, flying
A: beast (slay +4), flying, sickness immunity, fire resistance 2, cold
vulnerability 1, float, innate caster, HP casting, extra vitality 1
a: Begin Untransformation, Renounce Religion, Potion Petition, Call Merchant,
Bribe Branch


You were in the Dungeon.
You worshipped Gozag.
Gozag was pleased with you.
You were a hulking beast.
You visited 1 branch You collected 1520 gold pieces.
You spent 820 gold pieces at shops.

Inventory:

Armour
 a - a +0 animal skin
 h - a +0 leather armour (worn)
Jewellery
 n - the ring "Utiymaso" (left hand) {Wiz Dex+4}
   (You bought it in a shop in the Dungeon)

   [ring of wizardry]

   Wiz:       It improves your spell success rate.
   Dex+4:     It affects your dexterity (+4).
 o - the amulet "Fucsaom" {Spirit Str+3 Int-2 Stlth+}
   (You bought it in a shop in the Dungeon)

   [amulet of guardian spirit]

   Spirit:    It causes incoming damage to be divided between your reserves of
   health and magic.
   Str+3:     It affects your strength (+3).
   Int-2:     It affects your intelligence (-2).
   Stlth+:    It makes you more stealthy.
 p - the ring "Borrost" (right hand) {Ice rPois Int+3 Dex-3}
   (You bought it in a shop in the Dungeon)

   [ring of ice]

   Ice:       It enhances your ice magic.
   Int+3:     It affects your intelligence (+3).
   Dex-3:     It affects your dexterity (-3).
   rF-:       It makes you vulnerable to fire.
   rC+:       It protects you from cold.
   rPois:     It protects you from poison
Talismans
 c - a beast talisman (active)
 d - a flux talisman
 k - a maw talisman
Wands
 l - a wand of roots (3) (quivered)
Scrolls
 i - 2 scrolls of blinking
 m - 3 scrolls of fog
Potions
 b - a potion of lignification
 e - a potion of curing
 f - 3 potions of heal wounds
 g - 4 potions of haste
 j - a potion of resistance


   Skills:
 * Level 6.4 Fighting
 * Level 9.7 Dodging
 - Level 0.3 Stealth
 * Level 16.3 Unarmed Combat
 - Level 2.3 Evocations
 * Level 9.5 Shapeshifting


You knew the following spells:

 Your Spells              Type           Power      Damage    Failure   Level
a - Sandblast             Erth           0%         2d4       13%         1
b - Momentum Strike       Conj/Tloc      0%         3d8       19%         2
c - Hailstorm             Conj/Ice       0%         3d3       34%         3
d - Tukima's Dance        Hex            0%         N/A       34%         3
Your spell library was empty.

Dungeon Overview and Level Annotations

Branches:
Dungeon (1/1)

Altars:
Cheibriados
Dithmenos
Fedhas
Gozag
Makhleb
Okawaru
Qazlal
Ru
Trog
Uskayaw
Wu Jian
Xom
Yredelemnul
Zin
The Shining One
Lugonu

Shops:
D *[=??*?*:[((!!!!


Innate Abilities, Weirdness & Mutations

You are a hulking beast.
Your limbs bulge with bestial killing power. (Slay +4)
You are flying.
You are immune to sickness and miasma.
You are immune to poison.
Your flesh is very heat resistant. (rF++)
You are vulnerable to cold. (rC-)
You float through the air rather than walking.
You learn spells naturally, not from books.
Your magical power is your life essence.
You have superior vitality. (+4 MHP)


Message History

You hear some strange, mumbled words.
A four-headed hydra appears.
You closely miss something.
Unknown command.
You barely miss something. The goliath frog hits you from afar.
The acid corrodes you!
You are splashed with acid.
Something hits you.
Unknown command.
Blink to where?
Press: ? - help, Dir - move target
As you read the scroll of blinking, it crumbles to dust.
The goliath frog hits you from afar!! The acid corrodes you!
You are splashed with acid.
* * * LOW HITPOINT WARNING * * *
You hear some strange, mumbled words.
A stinking cloud appears from out of thin air!
The ball explodes into a vile cloud!
The stinking cloud engulfs you but does no damage.
The stinking cloud engulfs something but does no damage.
You feel much better. The goliath frog hits you from afar!
You are splashed with acid!
Something closely misses you.
A ghost crab comes into view.
The goliath frog hits you from afar.
You are splashed with acid!
* * * LOW HITPOINT WARNING * * *
Unknown command.
You feel much better. Something hits you.
The ghost crab breathes spectral mist at you.
The spectral mist engulfs you but does no damage.
The goliath frog is engulfed in spectral mist.
The goliath frog hits you from afar!
* * * LOW HITPOINT WARNING * * *
You are splashed with acid!
* * * LOW HITPOINT WARNING * * *
Okay, then.
Unknown command.
Unknown command.
The goliath frog is engulfed in spectral mist.
The goliath frog attacks as it pursues you!
The goliath frog hits you from afar!!
You die...
Your body crumbles into a pile of gold.

###.........### #⌠...........⌠#
######.8..)......8.######
##∩__.....t.###......___∩##
###∩.....)..8§# #.8........∩###
#...)........§###.............##
⌠.........[###☼..###..........⌠#
⌠..........# #.☼.# #..........⌠#
⌠.......[..###..h###..........⌠#
#.............###○D.☼.........##
###∩...)....8.# #F8☼○).....∩###
##∩___......###§§....__.∩##
######.8.....§..)8.######
#⌠...).......⌠# ###)..).....###
#........_# #_......._#


You could see a four-headed hydra (summoned), a ghost crab and a goliath frog.

Vanquished Creatures
  5 deep elf zephyrmancers (D)
  Grinder (D)
  Eustachio (D)
  6 vampire bats (D)
  A gnoll bouda (D)
  4 gnolls (D)
  A shadow imp (D)
  2 ufetubi (D)
21 creatures vanquished.

Notes
Turn   | Place    | Note
-------+----------+-------------------------------------------
     0 | D        | rocky1 the Djinni Shapeshifter began the quest for the Orb.
     0 | D        | Reached XP level 1. HP: 17/17 MP: 0/0
     4 | D        | Found a burning altar of Makhleb.
     5 | D        | Found a basalt altar of Yredelemnul.
     5 | D        | Found a bloodstained altar of Trog.
     5 | D        | Round 1.
     6 | D        | Found a glowing silver altar of Zin.
     6 | D        | Found an ornate altar of the Wu Jian Council.
     7 | D        | Found Fopnicapp's Timeless Talismans.
     7 | D        | Found an opulent altar of Gozag.
     7 | D        | Found Jorut's Identification Station.
     8 | D        | Found Baisaz's Jewellery.
     8 | D        | Found Xakk's Advanced Armour.
    14 | D        | Found a shadowy altar of Dithmenos.
    18 | D        | Became a worshipper of Gozag Ym Sagoz the Greedy
    21 | D        | Found a snail-covered altar of Cheibriados.
    21 | D        | Found Litraqij's Premium Goods.
    23 | D        | Found Xacummefon's Miscellaneous Merchandise.
    23 | D        | Found Fus Fasa's Basic Armour.
    24 | D        | Found a stormy altar of Qazlal.
    24 | D        | Found Bisiroe's Weapon Rack.
    44 | D        | Reached XP level 2. HP: 12/22 MP: 0/0
    74 | D        | Found an iron altar of Okawaru.
    75 | D        | Found a corrupted altar of Lugonu.
    75 | D        | Noticed Eustachio
    80 | D        | Killed Eustachio
    81 | D        | Reached skill level 6 in Unarmed Combat
    81 | D        | Reached skill level 1 in Evocations
    81 | D        | Reached XP level 3. HP: 22/28 MP: 0/0
    81 | D        | Learned a level 1 spell: Sandblast
    81 | D        | Reached XP level 4. HP: 26/33 MP: 0/0
    81 | D        | Reached XP level 5. HP: 30/38 MP: 0/0
    81 | D        | Learned a level 2 spell: Momentum Strike
    82 | D        | Found Wopas's Do-It-Yourself Clinic.
    82 | D        | Noticed Grinder
    94 | D        | Killed Grinder
    94 | D        | Arena points: 12 (+12) [x2]
    95 | D        | Reached skill level 8 in Unarmed Combat
    95 | D        | Reached XP level 6. HP: 40/45 MP: 0/0
   105 | D        | Found Xaasoc's Bottled Wisdom.
   105 | D        | Found Ymoteej's Distillery.
   107 | D        | Found a sacrificial altar of Ru.
   107 | D        | Found a blossoming altar of Fedhas.
   107 | D        | Found Cuiss's Distillery.
   132 | D        | Bought 3 potions of heal wounds for 105 gold pieces
   134 | D        | Bought a potion of experience for 300 gold pieces
   134 | D        | Reached skill level 12 in Unarmed Combat
   134 | D        | Reached XP level 7. HP: 49/49 MP: 0/0
   134 | D        | Learned a level 3 spell: Hailstorm
   142 | D        | Found a shimmering altar of Xom.
   143 | D        | Round 2.
   179 | D        | Reached XP level 8. HP: 55/55 MP: 0/0
   201 | D        | Found a glowing golden altar of the Shining One.
   203 | D        | Found Naozxoum's Magic Scroll Shop.
   204 | D        | Found Mifeh's Magic Scroll Shop.
   204 | D        | Found Veizuyng's Must-Have Magic.
   205 | D        | Found a hide-covered altar of Uskayaw.
   205 | D        | Found Qobejai's Staff Store.
   226 | D        | Arena points: 48 (+36) [x3]
   254 | D        | Bought a maw talisman for 280 gold pieces
   270 | D        | Round 3.
   343 | D        | Reached skill level 13 in Unarmed Combat
   354 | D        | Arena points: 132 (+84) [x4]
   432 | D        | Round 4.
   437 | D        | Noticed a deep elf zephyrmancer
   479 | D        | Killed a deep elf zephyrmancer
   480 | D        | Reached skill level 14 in Unarmed Combat
   480 | D        | Reached XP level 9. HP: 32/63 MP: 0/0
   480 | D        | Learned a level 3 spell: Tukima's Dance
   488 | D        | Noticed a deep elf zephyrmancer
   494 | D        | Killed a deep elf zephyrmancer
   495 | D        | Reached skill level 5 in Fighting
   497 | D        | Noticed a deep elf zephyrmancer
   504 | D        | Killed a deep elf zephyrmancer
   505 | D        | Reached skill level 15 in Unarmed Combat
   518 | D        | Noticed a deep elf zephyrmancer
   523 | D        | Noticed a deep elf zephyrmancer
   528 | D        | Killed a deep elf zephyrmancer
   538 | D        | Killed a deep elf zephyrmancer
   539 | D        | Reached skill level 16 in Unarmed Combat
   539 | D        | Reached XP level 10. HP: 35/73 MP: 0/0
   549 | D        | Bought a scorched turquoise ring for 45 gold pieces
   549 | D        | Identified the ring "Utiymaso" {Wiz Dex+4} (You bought it
                  | in a shop in the Dungeon)
   549 | D        | Bought a scorched amethyst amulet for 45 gold pieces
   549 | D        | Identified the amulet "Fucsaom" {Spirit Str+3 Int-2 Stlth+}
                  | (You bought it in a shop in the Dungeon)
   549 | D        | Bought a scintillating brass ring for 45 gold pieces
   549 | D        | Identified the ring "Borrost" {Ice rPois Int+3 Dex-3} (You
                  | bought it in a shop in the Dungeon)
   576 | D        | Arena points: 156 (+24) [x1]
   591 | D        | Round 5.
   618 | D        | Noticed a witch
   622 | D        | Noticed a goliath frog
   629 | D        | Noticed a four-headed hydra
   632 | D        | Noticed a ghost crab
   634 | D        | Demolished by a goliath frog

Illustrated notes

Levels and vault maps discovered:
D:        arena_sprint

Skill      XL: |  1  2  3  4  5  6  7  8  9 |
---------------+----------------------------+-----
Shapeshifting  | 3 6 8 9 |  9.5
Fighting       | 2 4 6 |  6.4
Dodging        | 4 6 7 9 |  9.7
Unarmed Combat | 6 8 12 14 16 | 16.3
Evocations     | 1 2 |  2.3
Stealth        | |  0.3

Action                     |  1- 3 |  4- 6 |  7- 9 | 10-12 || total
---------------------------+-------+-------+-------+-------++-------
  Melee: Unarmed           |    15 |     3 |    46 |     8 ||    72
         Punch             |       |       |     5 |     1 ||     6
  Evoke: Wand              |     4 |     3 |       |       ||     7
    Use: Potion            |     2 |     1 |     1 |     2 ||     6
         Scroll            |     1 |       |       |     1 ||     2
   Stab: Invisible         |       |     1 |       |       ||     1
 Armour: Animal skin       |    16 |     1 |       |       ||    17
         Leather armour    |       |       |    20 |     8 ||    28
  Dodge: Dodged            |    24 |     2 |    31 |     3 ||    60
   Form: Beast             |       |       |     1 |       ||     1
         Maw               |       |       |     1 |       ||     1

Table legend: (Time is in decaauts)
 A = Elapsed time spent in this place.
 B = Non-inter-level travel time spent in this place.
 C = Inter-level travel time spent in this place.
 D = Time resting spent in this place.
 E = Time spent auto-exploring this place.
 F = Levels seen in this place.
 G = Mean time per level.
                   A        B        C        D        E       F      G
               +--------+--------+--------+--------+--------+-----+--------+
         Total |    620 |    620 |      0 |    109 |      0 |   1 |  620.0 |
       Dungeon |    620 |    620 |      0 |    109 |      0 |   1 |  620.0 |
               +--------+--------+--------+--------+--------+-----+--------+

Top non-repeatable levels by time:
       D: 620 daAuts
